 Dungeon Crawl Stone Soup version 0.30.1-11-g7821555f0a (webtiles) character file.

Game seed: 4771398855394121722

146 SacredBeard the Chopper (level 5, -6/47 HPs)
             Began as a Hill Orc Fighter on Nov 8, 2023.
             Killed by nerve-wracking pain
             ... invoked by an orc priest
              (14 damage)
             ... on level 3 of the Dungeon.
             The game lasted 00:04:07 (1866 turns).

SacredBeard the Chopper (Hill Orc Fighter)          Turns: 1866, Time: 00:04:12

Health: -6/47      AC: 12    Str: 21    XL:     5   Next: 28%
Magic:  5/5        EV:  6    Int:  8    God:
Gold:   63         SH:  4    Dex: 10    Spells: 4/4 levels left

rFire   . . .        q - +0 hand axe
rCold   + . .        c - +0 buckler
rNeg    . . .        k - +0 plate armour
rPois   .            (no helmet)
rElec   .            (no cloak)
rCorr   .            (no gloves)
SInv    .            p - +0 pair of boots
Will    .....        f - amulet of regeneration Stlth
                     e - ring of protection from cold
HPRegen 1.07/turn    (no ring)
MPRegen 0.09/turn

%: no passive effects
@: no status effects
A: no striking features
a: Convert to Beogh


You were on level 3 of the Dungeon.
You visited 1 branch of the dungeon, and saw 3 of its levels.

You collected 63 gold pieces.

Inventory:

Hand Weapons
 a - a +0 war axe
 q - a +0 hand axe (weapon)
Missiles
 m - 21 stones (quivered)
 n - 5 poisoned darts
Armour
 c - a +0 buckler (worn)
 k - a +0 plate armour (worn)
 p - a +0 pair of boots (worn)
Jewellery
 b - an amulet of the acrobat
 e - a ring of protection from cold (left hand)
 f - an amulet of regeneration (around neck)
 v - a ring of willpower
Scrolls
 g - a scroll of amnesia {unknown}
 j - 4 scrolls of identify {unknown}
 r - a scroll of fog {unknown}
 s - 2 scrolls of fear {unknown}
 u - a scroll of enchant weapon {unknown}
Potions
 d - a potion of might
 h - a potion of degeneration {unknown}
 i - 2 potions of curing {unknown}
 l - a potion of haste {unknown}
 o - a potion of flight {unknown}
 t - a potion of lignification {unknown}


   Skills:
 + Level 4.3 Fighting
 * Level 4.4 Axes
 + Level 1.0 Throwing
 - Level 4.0 Armour
 - Level 1.0 Dodging
 + Level 3.9 Shields


You had 4 spell levels left.
You didn't know any spells.
Your spell library contained the following spells:

 Spells                   Type           Power      Damage    Failure   Level
 Beastly Appendage        Tmut           0%         N/A       100%        1
 Sublimation of Blood     Necr           0%         N/A       100%        2
 Wereblood                Tmut           0%         N/A       100%        2
 Spider Form              Tmut/Pois      0%         N/A       100%        3
 Summon Hydra             Summ           0%         N/A       100%        7


Dungeon Overview and Level Annotations

Branches:
Dungeon (3/15) Zot: 16091

Altars:

Shops:
D:1 =


Message History

You feel stronger.
You hear the rusting of a very distant drain.
Found a stone staircase leading down.
Found a leather armour.
There is a stone staircase leading down here.
There is a stone staircase leading down here.
An orc comes into view. It is wielding a +0 mace.
You hear the brisk rusting of a very distant drain.
An orc comes into view. It is wielding a +0 flail.
The orc shouts!
You hear a shout!
An orc comes into view. It is wielding a +0 flail.
An orc comes into view.
It is wielding a +0 dagger of electrocution.
The orc shouts!
The orc hits you but does no damage.
You closely miss the orc. The orc hits you but does no damage.
You barely miss the orc. You hit the orc.
The orc hits you but does no damage. x2
You hit the orc.
You kill the orc!
You hit the orc.
An orc priest comes into view. It is wielding a +0 club.
The orc priest shouts!
The orc priest shouts, "Join the one true god or die!" (press Y on the ability menu to convert to Beogh)
You hit the orc.
You kill the orc!
You hit the orc.
The orc priest mumbles some strange prayers to Beogh against you.
Beogh smites you! The orc hits you with a +0 flail.
The orc priest shouts, "Join the one true god or die!"
You slash the orc!
You kill the orc!
You closely miss the orc. You hit the orc but do no damage.
The orc hits you with a +0 dagger of electrocution.
You are electrocuted!!
* * * LOW HITPOINT WARNING * * *
The orc hits you but does no damage.
The orc priest invokes the aid of Beogh against you.
Pain shoots through your body!
You die...

.............# ####
###..#######.# #..
#..# #.###.#
#..#######.#.#.###.#
#.........#........#
##....####.#.#.###.#
####......###.###.#
######.########.....#
#..............@o####
#.####.########$)#
#..............o...
##.####.####.###..###
...# #.# .... ##.#
#.. ...## #.# #.##
#.## ##.# #.# #.#
...# #.#


You could see an orc priest and an orc.

Vanquished Creatures
  Jessica (D:2)
  Natasha (D:3)
  4 adders
  An ufetubus (D:3)
  A worm (D:2)
  A dart slug (D:1)
  3 orcs (D:3)
  5 ball pythons
  3 endoplasms
  2 giant cockroaches (D:1)
  6 hobgoblins
  3 jackals (D:2)
  4 quokkas
  3 bats
  3 frilled lizards
  3 goblins
  3 kobolds
  2 rats (D:2)
49 creatures vanquished.

Notes
Turn   | Place    | Note
-------+----------+-------------------------------------------
     0 | D:1      | SacredBeard the Hill Orc Fighter began the quest for the
                  | Orb.
     0 | D:1      | Reached XP level 1. HP: 19/19 MP: 1/1
    47 | D:1      | Found Feted's Jewellery Shop.
   102 | D:1      | Reached XP level 2. HP: 27/27 MP: 2/2
   624 | D:1      | Reached XP level 3. HP: 33/33 MP: 3/3
  1023 | D:2      | Noticed Jessica
  1034 | D:2      | Killed Jessica
  1035 | D:2      | Reached XP level 4. HP: 40/40 MP: 4/4
  1736 | D:3      | Reached skill level 1 in Dodging
  1793 | D:3      | Noticed Natasha
  1805 | D:3      | Killed Natasha
  1806 | D:3      | Reached skill level 1 in Throwing
  1806 | D:3      | Reached XP level 5. HP: 40/47 MP: 5/5
  1866 | D:3      | Killed from afar by an orc priest

Illustrated notes

Levels and vault maps discovered:
D:1:      elethiomel_arrival_infinity_welcomes_careful_drivers, layout_basic,
          serial_shops, nicolae_shop_trees, serial_park_tiny_pond
D:2:      layout_basic, minmay_misc_feat_pillars, uniq_jessica
D:3:      layout_loops_ring, gup_sewer_entry_bowl, uniq_robin, uniq_ijyb,
          uniq_natasha

Skill      XL: |  1  2  3  4 |
---------------+-------------+-----
Axes           | 3 4 |  4.4
Fighting       | 4 |  4.3
Armour         | 4 |  4.0
Dodging        | 1 |  1.0
Throwing       | 1 |  1.0
Shields        | |  3.9

Action                     |  1- 3 |  4- 6 || total
---------------------------+-------+-------++-------
  Melee: War axe           |    75 |    13 ||    88
         Hand axe          |       |    75 ||    75
 Armour: Scale mail        |    17 |       ||    17
         Plate armour      |     9 |    58 ||    67
  Dodge: Dodged            |    31 |    24 ||    55
  Block: Buckler           |    17 |    25 ||    42
